 Dungeon Crawl Stone Soup version 0.30-a0-1066-g63dfefce0d (webtiles) character file.

Game seed: 7774081003850257741

7254 Pimp the Cleaver (level 11, -1/95 HPs)
             Began as a Hill Orc Fighter on Apr 12, 2023.
             Was a Follower of Vehumet.
             Slain by a yak (6 damage)
             ... on level 9 of the Dungeon.
             The game lasted 00:20:17 (9287 turns).

Pimp the Cleaver (Hill Orc Fighter)                 Turns: 9287, Time: 00:20:17

Health: -1/95      AC: 15    Str: 20    XL:     11   Next: 12%
Magic:  14/14      EV:  9    Int: 12    God:    Vehumet [*.....]
Gold:   1596       SH:  5    Dex: 10    Spells: 13/17 levels left

rFire   + + .      SeeInvis .    a - +1 war axe (venom)
rCold   + + .      Faith    .    c - +0 buckler
rNeg    . . .      Spirit   .    t - +3 chain mail "Sihil" {rCorr}
rPois   +          Reflect  .    (no helmet)
rElec   .          Rampage  .    A - scarf {rC+ rF+}
rCorr   +                        B - +0 pair of gloves
Will    .....                    (no boots) Stlth
                                 C - amulet of the acrobat
HPRegen 0.35/turn                u - ring of protection from fire
MPRegen 0.14/turn                f - ring of poison resistance

@: no status effects
A: hooves 1, camouflage 1, cold resistance 1, low MP 1
a: Renounce Religion


You were on level 9 of the Dungeon.
You worshipped Vehumet.
Vehumet was aware of your devotion.
You visited 1 branch of the dungeon, and saw 9 of its levels.
You also visited: Sewer.

You collected 1596 gold pieces.

Inventory:

Hand Weapons
 a - a +1 war axe of venom (weapon)
Missiles
 d - 5 silver javelins (quivered)
Armour
 b - a +0 scale mail
 c - a +0 buckler (worn)
 l - a +0 cloak
 m - +0 steam dragon scales
 t - the +3 chain mail "Sihil" (worn) {rCorr}
   (You found it on level 3 of the Dungeon)

   rCorr:     It protects you from acid and corrosion.
 A - a scarf of resistance (worn)
 B - a +0 pair of gloves (worn)
Jewellery
 f - a ring of poison resistance (right hand)
 u - a ring of protection from fire (left hand)
 v - a +6 ring of dexterity
 w - a ring of magical power
 C - an amulet of the acrobat (around neck)
 D - a +5 ring of evasion
 E - a ring of see invisible
Wands
 F - a wand of charming (3)
Scrolls
 g - a scroll of silence
 i - a scroll of fear
 j - 3 scrolls of vulnerability
 n - 5 scrolls of identify
 q - a scroll of brand weapon
 s - 2 scrolls of teleportation
 x - 2 scrolls of enchant armour {unknown}
 y - a scroll of magic mapping
Potions
 e - 2 potions of might
 h - 2 potions of attraction
 k - 3 potions of flight
 o - a potion of mutation
 p - 2 potions of magic
 r - a potion of brilliance
 z - 2 potions of heal wounds


   Skills:
 + Level 8.8 Fighting
 + Level 9.0 Axes
 + Level 7.9 Armour
 + Level 4.2 Dodging
 + Level 7.9 Shields
 + Level 3.6 Spellcasting
 + Level 5.0 Conjurations
 + Level 5.6 Fire Magic


You had 13 spell levels left.
You knew the following spells:

 Your Spells              Type           Power      Damage    Failure   Level
a - Sticky Flame          Conj/Fire      15%        2d4       89%         4

Your spell library contained the following spells:

 Spells                   Type           Power      Damage    Failure   Level
 Kiss of Death            Conj/Necr      32%        2d7       54%         1
 Slow                     Hex            8%         N/A       87%         1
 Summon Small Mammal      Summ           8%         N/A       87%         1
 Ignite Poison            Fire/Tmut/Pois 6%         N/A       94%         3
 Call Canine Familiar     Summ           2%         N/A       99%         3
 Confusing Touch          Hex            2%         N/A       99%         3
 Summon Guardian Golem    Hex/Summ       2%         N/A       99%         3
 Vampiric Draining        Necr           2%         2d6       99%         3
 Ignition                 Fire           7%         3d5       100%        8
 Chain Lightning          Conj/Air       4%         3d5       100%        9
 Fire Storm               Conj/Fire      7%         8d2       100%        9
 Shatter                  Erth           1%         3d5*      100%        9


Dungeon Overview and Level Annotations

Branches:
Dungeon (9/15)             Temple (0/1) D:4           Sewer (visited)
   Lair: D:8-11         Orc: D:9-12

Altars:
Dithmenos
Elyvilon
Hepliaklqana
Kikubaaqudgha
Makhleb
Okawaru
Qazlal
Sif Muna
Vehumet
Yredelemnul
The Shining One

Shops:
D:5 !


Innate Abilities, Weirdness & Mutations

You have large cloven feet.
Your skin changes colour to match your surroundings (Stealth+).
Your flesh is cold resistant. (rC+)
Your magical capacity is low. (-10% MP)


Message History

You block the yak's attack.
You hit the yak.
The yak is moderately wounded.
The yak closely misses you.
You hit the yak but do no damage.
The yak looks as sick as possible!
The yak is heavily wounded.
The yak gores you but does no damage.
You slash the yak!
The yak is almost dead.
The yak gores you but does no damage.
You slash the yak!
You kill the yak!
Vehumet accepts your kill.
Your Conjurations skill increases to level 5!
You closely miss the yak. The yak gores you but does no damage.
You hit the yak but do no damage.
The yak is poisoned.
You block the yak's attack.
You hit the yak but do no damage.
The yak looks as sick as possible!
You block the yak's attack.
You barely miss the yak.
The yak is lightly wounded.
You block the yak's attack.
You completely miss the yak.
The yak is lightly wounded.
The yak gores you.
* * * LOW HITPOINT WARNING * * *
You slash the yak!
The yak looks as sick as possible!
The yak is moderately wounded.
You block the yak's attack. The yak barely misses you.
You hit the yak but do no damage.
The yak is moderately wounded.
The yak gores you!
* * * LOW HITPOINT WARNING * * *
You feel a genetic drift.
Your feet thicken and deform.
You no longer feel a hidden potential within.
You hit the yak. You kick the yak, but do no damage.
The yak is heavily wounded.
The yak gores you.
You die...

+........#'######.
#<..............#
#...............#
##+###+###'###..#
#.......#..#..+
#.......#..#..#
+###'###+..+..#
+...'.#..#..#
#...#.#.@##.#
#._.#.'##Y..#####
#...#.#..#.#....#
+...+.#..#†+....#
##+###+..+.#....#
#..#......#
#..#......#
+###+###+###......#
......Y.Y.........#


You could see a yak (extremely poisoned).

Vanquished Creatures
  Pikel (D:7)
  Maggie (D:6)
  Psyche (D:8)
  A troll (D:8)
  Sigmund (D:6)
  16 yaks
  Grum (D:8)
  Menkaure (D:6)
  3 orc warriors
  A sky beast (D:8)
  3 ice beasts
  A black bear (D:7)
  5 centaurs
  2 wolves (D:8)
  2 phantoms
  5 kobold brigands
  6 bullfrogs
  4 wights (D:6)
  3 killer bees (D:8)
  A howler monkey (D:8)
  A crimson imp (D:5)
  A hound (D:6)
  A jelly (D:4)
  3 orc priests
  A sleepcap (D:6)
  4 iguanas
  Natasha (thrice) (D:3)
  4 orc wizards
  4 gnolls
  7 adders
  2 shadow imps
  2 white imps
  An ufetubus (D:6)
  3 worms
  3 dart slugs (D:2)
  29 orcs
  6 endoplasms
  4 giant cockroaches
  11 hobgoblins
  18 kobolds
  A quokka (D:1)
  11 ball pythons
  2 bats (D:1)
  5 frilled lizards
  9 goblins
  A goblin zombie (D:4)
  A quokka zombie (D:4)
  7 rats
204 creatures vanquished.

Vanquished Creatures (others)
  26 fungi (D:6)
  10 plants (D:2)
36 creatures vanquished.

Grand Total: 240 creatures vanquished

Notes
Turn   | Place    | Note
-------+----------+-------------------------------------------
     0 | D:1      | Pimp the Hill Orc Fighter began the quest for the Orb.
     0 | D:1      | Reached XP level 1. HP: 19/19 MP: 1/1
   242 | D:1      | Reached skill level 3 in Axes
   242 | D:1      | Reached XP level 2. HP: 27/27 MP: 2/2
   763 | D:1      | Reached XP level 3. HP: 33/33 MP: 3/3
  1193 | D:2      | HP: 1/33 [gnoll/+0 spear (5)]
  1197 | D:2      | Reached XP level 4. HP: 21/40 MP: 4/4
  1477 | D:2      | Found a glowing golden altar of the Shining One.
  1801 | D:2      | Identified a scroll of acquirement
  1801 | D:2      | Acquired 1049 gold pieces
  1821 | D:2      | Reached skill level 4 in Axes
  1821 | D:2      | Reached XP level 5. HP: 44/47 MP: 5/5
  2292 | D:3      | Noticed Natasha
  2306 | D:3      | Killed Natasha
  2349 | D:3      | Found a faded altar of an unknown god.
  2365 | D:3      | Identified the +3 chain mail "Sihil" {rCorr}
  2504 | D:3      | Noticed Natasha
  2518 | D:3      | Killed Natasha
  2543 | D:3      | Noticed Natasha
  2556 | D:3      | Killed Natasha
  2884 | D:3      | Found a hazy altar of Hepliaklqana.
  2894 | D:3      | Found a shimmering blue altar of Sif Muna.
  3023 | D:4      | Reached skill level 5 in Fighting
  3023 | D:4      | Reached XP level 6. HP: 56/56 MP: 6/6
  3123 | D:4      | Found an iron altar of Okawaru.
  3267 | D:4      | Found a staircase to the Ecumenical Temple.
  3289 | D:4      | Found a glowing drain.
  3300 | Sewer    | Entered a sewer
  3314 | Sewer    | Reached skill level 5 in Axes
  3314 | Sewer    | Reached skill level 5 in Shields
  3381 | Sewer    | Reached skill level 5 in Armour
  3381 | Sewer    | Reached XP level 7. HP: 40/61 MP: 7/7
  4150 | D:5      | Entered Level 5 of the Dungeon
  4409 | D:5      | Reached skill level 6 in Axes
  4461 | D:5      | Learned a level 4 spell: Sticky Flame
  4529 | D:5      | Found Kekihyac's Distillery.
  4543 | D:5      | Reached XP level 8. HP: 35/70 MP: 8/8
  4666 | D:5      | Gained mutation: Your magical capacity is low. (-10% MP)
                  | [potion of mutation]
  4666 | D:5      | Gained mutation: Your flesh is cold resistant. (rC+)
                  | [potion of mutation]
  4666 | D:5      | Gained mutation: You have hidden genetic potential. [potion
                  | of mutation]
  4851 | D:5      | Reached skill level 1 in Conjurations
  4851 | D:5      | Reached skill level 1 in Fire Magic
  5183 | D:5      | Found a radiant altar of Vehumet.
  5184 | D:5      | Found a burning altar of Makhleb.
  5205 | D:5      | Reached skill level 1 in Dodging
  5209 | D:5      | Became a worshipper of Vehumet
  5326 | D:6      | Reached skill level 1 in Spellcasting
  5521 | D:6      | Reached XP level 9. HP: 20/78 MP: 10/10
  5581 | D:6      | Reached skill level 7 in Axes
  5614 | D:6      | Found a white marble altar of Elyvilon.
  6049 | D:6      | Noticed Menkaure
  6060 | D:6      | Killed Menkaure
  6220 | D:6      | Noticed Maggie
  6234 | D:6      | Killed Maggie
  6453 | D:6      | Noticed Sigmund
  6470 | D:6      | Killed Sigmund
  6511 | D:6      | Found a glowing golden altar of the Shining One.
  6717 | D:6      | Found a shadowy altar of Dithmenos.
  7236 | D:7      | Found a basalt altar of Yredelemnul.
  7378 | D:7      | Noticed Pikel
  7390 | D:7      | Killed Pikel
  7391 | D:7      | Reached skill level 8 in Axes
  7391 | D:7      | Reached XP level 10. HP: 67/88 MP: 12/12
  7402 | D:7      | Gained mutation: Your skin changes colour to match your
                  | surroundings (Stealth+). [hidden potential]
  7741 | D:8      | Noticed Psyche
  7745 | D:8      | Killed Psyche
  7777 | D:8      | Found a stormy altar of Qazlal.
  7870 | D:8      | HP: 1/88 [troll (11)]
  7877 | D:8      | Reached * piety under Vehumet
  7877 | D:8      | Offered knowledge of Kiss of Death by Vehumet.
  8252 | D:8      | Reached skill level 5 in Fire Magic
  8395 | D:8      | Noticed Grum
  8413 | D:8      | Killed Grum
  8420 | D:8      | HP: 6/135 [poisoned by Grum]
  8892 | D:8      | Reached XP level 11. HP: 76/95 MP: 14/14
  9216 | D:9      | Found an ancient bone altar of Kikubaaqudgha.
  9274 | D:9      | Reached skill level 9 in Axes
  9280 | D:9      | Reached skill level 5 in Conjurations
  9286 | D:9      | HP: 4/95 [yak (10)]
  9286 | D:9      | Gained mutation: You have large cloven feet. [hidden
                  | potential]
  9286 | D:9      | Lost mutation: You have hidden genetic potential. [hidden
                  | potential expressed]
  9287 | D:9      | Slain by a yak

Illustrated notes

Levels and vault maps discovered:
D:1:      shiori_angband_town, layout_basic
D:2:      minmay_evil_eye, layout_loops_ring, serial_bayou, serial_bayou_pond_d,
          serial_bayou_ford_a, serial_bayou_pond_a, serial_bayou_pond_b,
          basic_altar, minmay_split_cup_small
D:3:      layout_rooms, amethyst_overflow_temple_binary, basic_ecumenical_altar,
          minmay_hedge_maze, uniq_natasha
D:4:      layout_cave_pools, nicolae_overflow_hidden_temple, temple_pool_b,
          enter_ossuary_4, cheibrodos_sewer_entry_bend, kennysheep_another_room
D:5:      layout_basic, grunt_temple_overflow_lords_of_destruction,
          serial_shops, nicolae_shop_advertising_works
          [nicolae_subvault_shop_adworks]
D:6:      layout_rooms, grunt_dithmenos_smoke_and_mirrors,
          mainiacjoe_overflow_chevrons, mainiacjoe_overflow_catwalk,
          chequers_serial_rivers_micro_b, minmay_crossroads, uniq_menkaure,
          uniq_sigmund, uniq_maggie
D:7:      layout_loops_ring, mainiacjoe_overflow_surrounded_room, uniq_pikel
D:8:      layout_loops_cross, grunt_qazlal_clouds, uniq_psyche, uniq_grum
D:9:      minmay_statue_hallways, layout_gridville,
          mainiacjoe_overflow_24_doors, uniq_harold

Skill      XL: |  1  2  3  4  5  6  7  8  9 10 11 |
---------------+----------------------------------+-----
Axes           | 3 4 5 6 8 9 |  9.0
Fighting       | 4 5 6 7 8 |  8.8
Shields        | 4 5 6 7 |  7.9
Armour         | 4 5 6 7 |  7.9
Conjurations   | 2 3 4 5 |  5.0
Fire Magic     | 2 4 5 |  5.6
Dodging        | 1 3 4 |  4.2
Spellcasting   | 1 2 3 |  3.6

Action                     |  1- 3 |  4- 6 |  7- 9 | 10-12 || total
---------------------------+-------+-------+-------+-------++-------
  Melee: War axe           |    91 |   150 |   355 |   149 ||   745
         Kick              |       |       |       |     1 ||     1
    Use: Potion            |     2 |     2 |     3 |    10 ||    17
         Scroll            |       |     7 |    15 |     1 ||    23
 Armour: Scale mail        |    59 |    33 |       |       ||    92
         Chain mail        |       |    61 |   218 |    77 ||   356
         Skin              |       |       |       |     9 ||     9
  Dodge: Dodged            |    44 |    50 |   123 |   120 ||   337
  Block: Buckler           |    22 |    41 |    81 |    47 ||   191

Table legend: (Time is in decaauts)
 A = Elapsed time spent in this place.
 B = Non-inter-level travel time spent in this place.
 C = Inter-level travel time spent in this place.
 D = Time resting spent in this place.
 E = Time spent auto-exploring this place.
 F = Levels seen in this place.
 G = Mean time per level.
                   A        B        C        D        E       F      G
               +--------+--------+--------+--------+--------+-----+--------+
         Total |   9561 |   9182 |    379 |   1952 |   5205 |  10 |  956.1 |
       Dungeon |   8998 |   8619 |    379 |   1952 |   4885 |   9 |  999.8 |
         Sewer |    562 |    562 |      0 |      0 |    319 |   1 |  562.0 |
               +--------+--------+--------+--------+--------+-----+--------+

Top non-repeatable levels by time:
     D:5: 1585 daAuts
     D:8: 1528 daAuts
     D:6: 1242 daAuts
     D:2: 1197 daAuts
     D:1: 1157 daAuts
     D:7: 755 daAuts
     D:4: 726 daAuts
     D:3: 702 daAuts
   Sewer: 562 daAuts
     D:9: 105 daAuts
